 Dungeon Crawl Stone Soup version 0.22.1-2-g9c5b331 (webtiles) character file.

20812 Lilu the Destroyer (level 12, -11/75 HPs)
             Began as a Deep Elf Wizard on Dec 1, 2018.
             Was a High Priest of Sif Muna.
             Mangled by Rupert
             ... wielding a +4 great sword of electrocution
              (30 damage)
             ... on level 3 of the Lair of Beasts on Dec 2, 2018.
             The game lasted 02:17:40 (26243 turns).

Lilu the Destroyer (Deep Elf Wizard)               Turns: 26243, Time: 02:17:41

Health: -11/75     AC: 12    Str:  5    XL:     12   Next: 48%
Magic:  7/26       EV: 14    Int: 32    God:    Sif Muna [*****.]
Gold:   908        SH: 11    Dex: 13    Spells: 3/27 levels left

rFire    + . .     SeeInvis .   (no weapon)
rCold    + . .     Gourm    .   J - +2 shield of Resistance {rF+ rC+ MR+}
rNeg     . . .     Faith    +   Z - +2 acid dragon scales
rPois    .         Spirit   .   N - +2 hat
rElec    .         Reflect  .   (no cloak)
rCorr    +         Harm     .   i - +1 pair of gloves
MR       ++...                  (no boots)
Stlth    ++........             W - amulet of faith
HPRegen  0.22/turn              G - +4 ring of intelligence
MPRegen  0.20/turn              U - ring of wizardry

@: divine energy
A: no striking features
a: Stop Divine Energy, Channel Magic, Forget Spell, Renounce Religion


You were on level 3 of the Lair of Beasts.
You worshipped Sif Muna.
Sif Muna was extremely pleased with you.
You were near starving.

You visited 3 branches of the dungeon, and saw 15 of its levels.

You collected 908 gold pieces.

Inventory:

Hand Weapons
 a - a +0 blowgun
 x - a +4 short sword
 C - a +0 hunting sling
Missiles
 c - 86 poisoned needles (quivered)
 w - 157 sling bullets
 X - 2 throwing nets
Armour
 i - a +1 pair of gloves (worn)
 J - the +2 shield of Resistance (worn) {rF+ rC+ MR+}
   (You found it on level 7 of the Dungeon)

   It protects you from fire.
   It protects you from cold.
   It affects your resistance to hostile enchantments.
 N - a +2 hat (worn)
 O - a +0 robe of resistance
 V - a +0 robe of the Archmagi
 Z - +2 acid dragon scales (worn)
Magical Staves
 n - an uncursed staff of power
 E - an uncursed staff of conjuration
Jewellery
 r - an uncursed ring of poison resistance
 u - a +2 ring of dexterity
 y - an uncursed ring of flight
 G - a +4 ring of intelligence (left hand)
 U - a ring of wizardry (right hand)
 W - an amulet of faith (around neck)
 Y - a +4 ring of strength
Wands
 s - a wand of paralysis (16)
 K - a wand of acid (14)
 Q - a wand of disintegration (19)
 R - a wand of iceblast (8)
 T - a wand of polymorph (27)
Scrolls
 b - 6 scrolls of amnesia
 e - a scroll of identify
 h - 2 scrolls of fog
 k - a scroll of enchant armour
 l - a scroll of silence
 q - 3 scrolls of remove curse
 F - a scroll of teleportation
 P - 2 scrolls of enchant weapon
Potions
 f - 2 potions of haste {unknown}
 g - 3 potions of magic
 j - a potion of resistance {unknown}
 o - 3 potions of might {unknown}
 p - 2 potions of berserk rage
 t - 9 potions of brilliance
 z - 3 potions of curing
 A - 2 potions of agility
 B - 3 potions of lignification
 I - a potion of cancellation {unknown}
 L - 2 potions of invisibility {unknown}
Miscellaneous
 S - a fan of gales
Comestibles
 d - 26 rations


   Skills:
 + Level 8.8 Fighting
 - Level 10.0 Dodging
 - Level 2.4 Stealth
 + Level 7.5 Shields
 - Level 8.0 Spellcasting
 - Level 11.4 Conjurations
 - Level 2.1 Summonings
 - Level 2.1 Translocations
 - Level 2.1 Fire Magic
 - Level 6.0 Air Magic
 - Level 2.1 Poison Magic


You had 3 spell levels left.
You knew the following spells:

 Your Spells              Type           Power        Failure   Level  Hunger
a - Magic Dart            Conj           ####         1%          1    None
b - Call Imp              Summ           ####....     6%          2    None
c - Mephitic Cloud        Conj/Pois/Air  ######..     1%          3    None
d - Conjure Flame         Conj/Fire      ######..     1%          3    None
e - Blink                 Tloc           N/A          6%          2    None
f - Shroud of Golubria    Chrm/Tloc      ###.......   9%          2    None
g - Dazzling Spray        Conj/Hex       #####.       2%          3    None
h - Lightning Bolt        Conj/Air       ######....   7%          5    ####...
i - Animate Skeleton      Necr           N/A          9%          1    None
j - Swiftness             Chrm/Air       ####....     4%          2    None

Your spell library contained the following spells:

 Spells                   Type           Power        Failure   Level  Hunger
 Shock                    Conj/Air       ####         1%          1    None
 Static Discharge         Conj/Air       ######..     1%          3    None
 Beastly Appendage        Tmut           ##....       9%          1    None
 Corona                   Hex            ##.....      9%          1    None
 Infusion                 Chrm           ##..         9%          1    None
 Ensorcelled Hibernation  Hex/Ice        ##....       13%         2    None
 Slow                     Hex            ##......     13%         2    None
 Song of Slaying          Chrm           ##......     13%         2    None
 Sticks to Snakes         Tmut           ##......     13%         2    None
 Spider Form              Tmut/Pois      ###.......   17%         3    None
 Confuse                  Hex            ##......     26%         3    None
 Regeneration             Chrm/Necr      ##........   26%         3    None
 Spectral Weapon          Hex/Chrm       ##......     26%         3    None
 Tukima's Dance           Hex            ##......     26%         3    None
 Airstrike                Air            ######....   8%          4    None
 Irradiate                Conj/Tmut      #####.....   24%         5    ####...
 Animate Dead             Necr           N/A          61%         4    None
 Ice Form                 Ice/Tmut       ##......     61%         4    None
 Leda's Liquefaction      Hex/Erth       ##........   61%         4    None
 Petrify                  Tmut/Erth      ##......     61%         4    None
 Blade Hands              Tmut           ##........   91%         5    ####...
 Hydra Form               Tmut           ##........   100%        6    #####..
 Statue Form              Tmut/Erth      ##.......    100%        6    #####..
 Dragon Form              Tmut           ##........   100%        7    #######
 Necromutation            Tmut/Necr      ##........   100%        8    #######


Dungeon Overview and Level Annotations

Branches:
Dungeon (11/15)            Temple (1/1) D:4            Lair (3/6) D:10
  Swamp (0/4) Lair:3       Spider (0/4) Lair:3
    Orc: D:9-12

Altars:
Ashenzari
Cheibriados
Dithmenos
Elyvilon
Fedhas
Gozag
Hepliaklqana
Kikubaaqudgha
Makhleb
Nemelex Xobeh
Okawaru
Qazlal
Ru
Sif Muna
Trog
Uskayaw
Vehumet
Wu Jian
Xom
Yredelemnul
Zin
The Shining One

Shops:
D:10 }

Annotations:
D:8 exclusion: 6 doors
D:10 exclusion: orange crystal statue
Lair:3 Rupert


Message History

Aiming: Lightning Bolt (safe; 7% risk of failure)
Press: ? - help, Shift-Dir - straight line, f - Rupert
Aim: Rupert, wielding a great sword of electrocution and wearing a glowing You hear a mighty clap of thunder!
The bolt of lightning hits Rupert.
Rupert is heavily wounded.
Casting: Lightning Bolt (safe; 7% risk of failure)
Confirm with . or Enter, or press ? or * to list all spells.
You miscast Blink.
Sif Muna protects you from the effects of your miscast!
Rupert closely misses you.
Casting: Blink (safe; 6% risk of failure)
Confirm with . or Enter, or press ? or * to list all spells.
You blink.
Casting: Blink (safe; 6% risk of failure)
Confirm with . or Enter, or press ? or * to list all spells.
You miscast Blink.
Sif Muna protects you from the effects of your miscast!
Rupert hits you with a great sword of electrocution!!
You die...

.#..............#.....
.............#........
.............#..P..... .
.#......................
.#.#'...#.#.............
........................
........................
..##...#...§...@##..P##.
.##.#.##...§....@...........
..#######...###..##.........
..# #....# #####.........
.## #....# #......... ..#
#...## #......... ..# ##..#
#....... .## #..# ##...P#
.## ##..## ###....# ..#
#...P# #.#...##


You could see Rupert (berserk).

Vanquished Creatures
  Fannar (Lair:2)
  Harold (Lair:2)
  2 ugly things
  An orb spider (Lair:3)
  3 elephants
  2 black mambas
  Joseph (D:10)
  6 spiny frogs
  A kobold demonologist (D:11)
  3 komodo dragons
  2 trolls
  4 blink frogs (Lair:1)
  2 hippogriffs
  5 slime creatures (D:10)
  2 bog bodies (Lair:3)
  21 yaks
  A hungry ghost (D:3)
  A wyvern (D:11)
  3 basilisks
  Grum (D:8)
  2 vampire mosquitoes (D:8)
  4 swamp worms (Lair:3)
  3 water moccasins
  An acid dragon (D:11)
  8 porcupines
  An ice beast (D:9)
  5 orc warriors
  3 sky beasts
  A black bear (D:6)
  An ogre (D:6)
  8 wolves
  An eye of draining (D:9)
  3 centaurs (D:11)
  4 big kobolds
  7 crocodiles
  6 bullfrogs
  2 scorpions
  9 killer bees
  An electric eel (Lair:3)
  A howler monkey (D:8)
  6 crimson imps
  2 quasits
  3 jellies
  9 hounds
  4 orc wizards
  5 orc priests
  2 bullfrog skeletons
  Ijyb (D:2)
  5 worker ants
  3 iguanas
  A worker ant zombie (D:9)
  3 gnolls (D:7)
  9 adders
  2 shadow imps
  An adder zombie (D:5)
  6 worms
  7 leopard geckos
  25 orcs
  3 bats
  2 giant cockroaches
  6 goblins
  3 hobgoblins
  14 jackals
  7 quokkas
  2 ball pythons (D:3)
  3 frilled lizards
  2 giant cockroach zombies
  19 kobolds
  6 rats
  5 fungi
300 creatures vanquished.

Vanquished Creatures (others)
  11 fungi
  10 plants
21 creatures vanquished.

Grand Total: 321 creatures vanquished

Notes
Turn   | Place    | Note
-------+----------+-------------------------------------------
     0 | D:1      | Lilu the Deep Elf Wizard began the quest for the Orb.
     0 | D:1      | Reached XP level 1. HP: 10/10 MP: 7/7
   894 | D:1      | Reached XP level 2. HP: 16/16 MP: 5/9
   904 | D:1      | Learned a level 2 spell: Call Imp
  1180 | D:2      | Reached skill level 2 in Conjurations
  2203 | D:2      | Reached XP level 3. HP: 20/20 MP: 5/10
  2457 | D:2      | Reached skill level 1 in Fighting
  2753 | D:2      | Reached skill level 3 in Conjurations
  2899 | D:3      | Noticed Ijyb
  2913 | D:3      | Learned a level 3 spell: Mephitic Cloud
  2917 | D:3      | Learned a level 3 spell: Conjure Flame
  3029 | D:2      | Killed Ijyb
  3029 | D:2      | Reached XP level 4. HP: 25/25 MP: 1/12
  3124 | D:3      | Found a shattered altar of Ashenzari.
  3454 | D:3      | Noticed a hungry ghost
  3603 | D:3      | Killed a hungry ghost
  3603 | D:3      | Reached skill level 5 in Spellcasting
  3603 | D:3      | Reached XP level 5. HP: 27/30 MP: 6/14
  3659 | D:3      | Learned a level 2 spell: Blink
  3676 | D:3      | Reached XP level 6. HP: 16/35 MP: 13/16
  4413 | D:4      | Reached skill level 4 in Conjurations
  4750 | D:4      | Found a staircase to the Ecumenical Temple.
  4755 | Temple   | Entered the Ecumenical Temple
  5446 | D:5      | Entered Level 5 of the Dungeon
  5587 | D:5      | Found a deep blue altar of Sif Muna.
  5587 | D:5      | Found a stormy altar of Qazlal.
  5590 | D:5      | Became a worshipper of Sif Muna the Loreminder
  5821 | D:5      | Reached skill level 5 in Dodging
  5895 | D:5      | Reached XP level 7. HP: 40/40 MP: 12/18
  6190 | D:5      | Found an opulent altar of Gozag.
  6539 | D:5      | Reached skill level 5 in Conjurations
  7083 | D:6      | Reached XP level 8. HP: 41/48 MP: 1/19
  7312 | D:6      | Reached skill level 6 in Conjurations
  7656 | D:6      | Found a shimmering altar of Xom.
  7772 | D:7      | Found a radiant altar of Vehumet.
  7853 | D:7      | Reached * piety under Sif Muna
  7999 | D:7      | Found an iron altar of Okawaru.
  8113 | D:7      | Reached skill level 1 in Fire Magic
  8113 | D:7      | Reached skill level 1 in Poison Magic
  8175 | D:7      | Found the +2 shield of Resistance {rF+ rC+ MR+}
  8883 | D:8      | Noticed Grum
  8897 | D:7      | Reached skill level 7 in Conjurations
  9135 | D:8      | Reached XP level 9. HP: 36/52 MP: 9/20
  9339 | D:8      | Killed Grum
  9349 | D:8      | Found an opulent altar of Gozag.
  9355 | D:8      | Reached skill level 1 in Shields
  9875 | D:8      | Found an opulent altar of Gozag.
 10026 | D:8      | Reached ** piety under Sif Muna
 10031 | D:8      | Reached skill level 5 in Fighting
 10252 | D:8      | Reached skill level 8 in Conjurations
 11044 | D:9      | Noticed a troll
 11112 | D:8      | Killed a troll
 11747 | D:9      | Reached XP level 10. HP: 59/59 MP: 7/23
 12232 | D:9      | Found a sparkling altar of Nemelex Xobeh.
 12368 | D:9      | Found a shattered altar of Ashenzari.
 12990 | D:10     | Entered Level 10 of the Dungeon
 13193 | D:10     | Noticed an orange crystal statue
 13253 | D:10     | Noticed Joseph
 14139 | D:10     | Reached skill level 1 in Air Magic
 14242 | D:10     | Killed Joseph
 14421 | D:10     | Found Ohae's Gadget Shop.
 14912 | D:10     | Reached skill level 9 in Conjurations
 14957 | D:10     | Reached skill level 10 in Dodging
 15058 | D:10     | Found a staircase to the Lair.
 15369 | D:11     | Noticed a white ugly thing
 15373 | D:11     | Noticed a red ugly thing
 16405 | D:10     | Found Ohae's Gadget Shop.
 16569 | D:10     | Reached *** piety under Sif Muna
 16638 | D:11     | Reached XP level 11. HP: 66/66 MP: 19/25
 16649 | D:11     | Learned a level 2 spell: Shroud of Golubria
 17059 | D:11     | Noticed a soul eater
 17407 | D:10     | Learned a level 3 spell: Dazzling Spray
 17803 | D:10     | Killed a red ugly thing
 17803 | D:10     | Reached skill level 5 in Shields
 18220 | D:11     | Killed a white ugly thing
 18220 | D:11     | Reached skill level 10 in Conjurations
 18337 | D:11     | Got a distressingly furry helmet
 18374 | D:10     | Identified the +1 helmet "Yryriteb" {rElec rC+++ rCorr
                  | Int-4} (You found it on level 11 of the Dungeon)
 18815 | Lair:1   | Entered Level 1 of the Lair of Beasts
 20581 | Lair:2   | Noticed Harold
 21374 | Lair:2   | Learned a level 5 spell: Lightning Bolt
 21441 | Lair:2   | Reached skill level 11 in Conjurations
 21451 | Lair:2   | Reached **** piety under Sif Muna
 22228 | Lair:2   | Killed Harold
 22515 | Lair:2   | Reached XP level 12. HP: 63/73 MP: 15/26
 23655 | Lair:3   | HP: 2/74 [swamp worm/harpoon shot (6)]
 23656 | Lair:3   | Noticed Fannar
 23904 | Lair:3   | Noticed Rupert
 24394 | Lair:2   | Reached skill level 5 in Air Magic
 25211 | Lair:2   | Killed Fannar
 25211 | Lair:2   | Reached ***** piety under Sif Muna
 25291 | Lair:3   | Identified Neoqugu's Catalogue of Ghastly Stones (Sif Muna
                  | gifted it to you on level 3 of the Lair of Beasts)
 25291 | Lair:3   | Received a gift from Sif Muna
 25684 | Lair:3   | Learned a level 1 spell: Animate Skeleton
 25725 | Lair:3   | Found a staircase to the Swamp.
 25885 | Lair:3   | Found a hole to the Spider Nest.
 26124 | Lair:3   | Learned a level 2 spell: Swiftness
 26231 | Lair:3   | Paralysed by Rupert for 3 turns
 26243 | Lair:3   | Mangled by Rupert

Skill      XL: |  1  2  3  4  5  6  7  8  9 10 11 12 |
---------------+-------------------------------------+-----
Conjurations   | 2 3 4 5 7 8 9 11 | 11.4
Dodging        | 3 4 5 6 7 9 10 | 10.0
Fighting       | 1 2 3 4 5 6 8 |  8.8
Spellcasting   | 5 6 7 8 |  8.0
Fire Magic     | 2 |  2.1
Poison Magic   | 2 |  2.1
Summonings     | 2 |  2.1
Shields        | 3 4 6 7 |  7.5
Air Magic      | 2 3 6 |  6.0
Translocations | 2 |  2.1
Stealth        | |  2.4

Action                   |  1- 3 |  4- 6 |  7- 9 | 10-12 || total
-------------------------+-------+-------+-------+-------++-------
Melee: Dagger            |    11 |     5 |       |       ||    16
       Short sword       |       |    16 |    36 |   133 ||   185
       Trident           |       |       |    86 |    16 ||   102
       Staff             |       |       |     1 |     8 ||     9
       Unarmed           |       |       |       |     1 ||     1
 Fire: Hunting sling     |       |       |    30 |    25 ||    55
       Blowgun           |       |       |     1 |    35 ||    36
Throw: Stone             |     2 |       |       |       ||     2
 Cast: Magic Dart        |   137 |   107 |   263 |   414 ||   921
       Mephitic Cloud    |     2 |     3 |    14 |    40 ||    59
       Conjure Flame     |       |     1 |    38 |    57 ||    96
       Blink             |       |       |     3 |    34 ||    37
       Call Imp          |       |       |     3 |    16 ||    19
       Dazzling Spray    |       |       |       |   201 ||   201
       Lightning Bolt    |       |       |       |    38 ||    38
       Shroud of Golubri |       |       |       |    10 ||    10
       Animate Skeleton  |       |       |       |     1 ||     1
Invok: Divine Energy     |       |       |     1 |       ||     1
Evoke: Wand              |       |       |       |     6 ||     6
  Use: Scroll            |       |     8 |     8 |    10 ||    26
       Potion            |       |       |       |     6 ||     6
 Stab: Confused          |     2 |     2 |     6 |     8 ||    18
       Sleeping          |       |     1 |     1 |       ||     2
       Invisible         |       |       |       |     3 ||     3
       Distracted        |       |       |       |     1 ||     1
  Eat: Chunk             |     6 |    10 |    14 |    29 ||    59
       Ration            |       |       |     1 |     6 ||     7
Armor: Robe              |     9 |     3 |       |     6 ||    18
       Leather armour    |       |     1 |    24 |    13 ||    38
       Acid dragon scale |       |       |       |    70 ||    70
Dodge: Dodged            |    61 |    26 |    81 |   235 ||   403
Block: Shield            |       |       |       |   194 ||   194
